 Dungeon Crawl Stone Soup version 0.32-a0-18-g89e19f1974 (webtiles) character file.

Game seed: 3155630105223597871

2573 cforsyth the Fighter (level 9, 0/98 HPs)
             Began as an Oni Shapeshifter on Jan 16, 2024.
             Was an Initiate of Qazlal.
             Slain by a gnoll sergeant
             ... wielding a +5 spear of venom
              (3 damage)
             ... on level 5 of the Dungeon.
             The game lasted 00:07:29 (6480 turns).

cforsyth the Fighter (Oni Shapeshifter)             Turns: 6480, Time: 00:07:30

Health: 0/98       AC:  3    Str: 24    XL:     9   Next: 57%
Magic:  9/9        EV:  8    Int: 11    God:    Qazlal [......]
Gold:   343        SH:  8    Dex:  8    Spells: 8/8 levels left

rFire   . .          .
                       - Unarmed
rCold   . . .        u - +0 kite shield
rNeg    . . .        a - +0 animal skin
rPois   .            (helmet currently unavailable)
rElec   .            (cloak currently unavailable)
rCorr   .            (gloves unavailable)
SInv    .            (boots unavailable)
Will    .....        (no amulet)
Stlth   +            (no ring)
HPRegen 0.36/turn    (no ring)
MPRegen 0.11/turn

%: no passive effects
@: lethally poisoned (0 -> -18), beast-form
A: beast (slay +3), large, unfitting armour, horns 1, tough skin 1, double
potion healing, drunken brawling
a: Begin Untransformation, Renounce Religion


You were on level 5 of the Dungeon.
You worshipped Qazlal.
Qazlal was noncommittal.
You were a hulking beast.
You visited 2 branches of the dungeon, and saw 9 of its levels.

You collected 343 gold pieces.

Inventory:

Armour
 a - a +0 animal skin (worn)
 u - a +0 kite shield (worn)
Jewellery
 s - a ring of ice
Talismans
 c - a beast talisman
 d - a flux talisman
 m - a serpent talisman
Wands
 p - a wand of quicksilver (9)
Scrolls
 b - 3 scrolls of identify {unknown}
 e - a scroll of teleportation {unknown}
 f - a scroll of enchant armour {unknown}
 h - a scroll of acquirement {unknown}
 j - 3 scrolls of revelation {unknown}
 k - a scroll of poison {unknown}
 l - a scroll of silence {unknown}
 o - 6 scrolls of blinking {unknown}
 q - a scroll of immolation {unknown}
 r - a scroll of fog {unknown}
 v - a scroll of noise {unknown}
Potions
 g - a potion of degeneration
 i - a potion of haste {unknown}
 n - a potion of enlightenment {unknown}
 t - a potion of magic {unknown}
 w - a potion of heal wounds {unknown}


   Skills:
 + Level 9.0 Fighting
 - Level 1.7 Dodging
 - Level 4.3 Shields
 + Level 6.7 Unarmed Combat
 + Level 6.8 Shapeshifting


You had 8 spell levels left.
You didn't know any spells.
Your spell library contained the following spells:

 Spells                   Type           Power      Damage    Failure   Level
 Summon Ice Beast         Ice/Summ       0%         N/A       91%         3
 Summon Mana Viper        Hex/Summ       0%         N/A       100%        5
 Monstrous Menagerie      Summ           0%         N/A       100%        7


Dungeon Overview and Level Annotations

Branches:
Dungeon (8/15)             Temple (1/1) D:5
   Lair: D:8-11

Altars:
Ashenzari
Cheibriados
Elyvilon
Fedhas
Gozag
Kikubaaqudgha
Makhleb
Nemelex Xobeh
Qazlal
Ru
Sif Muna
Trog
Uskayaw
Wu Jian
Xom
Yredelemnul
Zin

Shops:
D:4 :

Annotations:
D:4 Menkaure
D:8 3 runed translucent doors, Pokonic1's ghost, novice GrFi


Innate Abilities, Weirdness & Mutations

You are a hulking beast.
Your limbs bulge with bestial killing power. (Slay +3)
You are too large for most types of armour.
You have a pair of small horns on your head.
You have tough skin. (AC +1)
You gain doubled healing and magic from potions.
Whenever you drink a healing potion, you attack all around you.


Message History

You are poisoned.
The gnoll closely misses you.
You miss the adder.
You feel very sick.
The iguana hisses angrily.
The gnoll sergeant hits you from afar with a +5 spear of venom!
You block the gnoll's attack. The adder barely misses you.
You barely miss the adder.
You feel very sick. You block the gnoll sergeant's attack.
The gnoll hits you with a +0 whip.
A gnoll comes into view. It is wielding a +0 halberd.
The adder bites you.
You are too injured to fight recklessly!
You are too injured to fight recklessly!
You are too injured to fight recklessly!
You are too injured to fight recklessly!
You are too injured to fight recklessly!
You are too injured to fight recklessly!
You feel sick.
The gnoll sergeant hits you from afar with a +5 spear of venom!
You are more poisoned.
The gnoll barely misses you. The adder bites you.
You feel very sick.
You feel very sick.
You feel very sick. The adder attacks as it pursues you! The adder bites you.
* * * LOW HITPOINT WARNING * * *
You punch the adder!
The adder is severely wounded.
You feel sick. You block the adder's attack. The adder barely misses you.
The gnoll sergeant hits you from afar with a +5 spear of venom!
* * * LOW HITPOINT WARNING * * *
You are lethally poisoned!
You miss the adder. Your headbutt misses the adder.
The adder is heavily wounded.
* * * LOW HITPOINT WARNING * * *
You feel very sick. You block the adder's attack.
The gnoll sergeant hits you from afar with a +5 spear of venom.
You die... #..... #...g# #....# ### ...l. #.. ...# #.# .g# #.# #)# #.# #l####### ..#####.# #gggSh..#

........#
#....#####[#
.#####..# ##.#..
#.# # #..# #.##.
##.#####.#####..#
# .#
#...............#
.#
#.).............>
.#
#.#......#######.
#.#.###### #.
...##.#.#######
#.


You could see a gnoll sergeant, an iguana, 2 gnolls and an adder.

Vanquished Creatures
  Grinder (D:5)
  Sigmund (D:5)
  A wyvern (D:7)
  2 yaks
  A water moccasin (D:8)
  An acid dragon (D:8)
  2 sky beasts (D:8)
  An ice beast (D:5)
  An orc warrior (D:8)
  2 centaurs
  Blork the orc (D:5)
  A bullfrog (D:5)
  A gnoll sergeant (D:8)
  2 scorpions
  2 howler monkeys (D:8)
  2 hounds (D:5)
  2 jellies
  4 orc priests
  Jessica (D:3)
  An iguana (D:5)
  A sleepcap (D:6)
  Natasha (twice) (D:3)
  3 orc wizards
  8 gnolls
  8 adders
  2 white imps
  2 ribbon worms (D:3)
  16 orcs
  7 ball pythons
  6 bats
  10 endoplasms
  5 giant cockroaches
  6 hobgoblins
  4 jackals (D:1)
  11 kobolds
  A quokka (D:1)
  3 frilled lizards
  4 goblins
  3 rats
132 creatures vanquished.

Notes
Turn   | Place    | Note
-------+----------+-------------------------------------------
     0 | D:1      | cforsyth the Oni Shapeshifter began the quest for the Orb.
     0 | D:1      | Reached XP level 1. HP: 19/19 MP: 1/1
   118 | D:1      | Found a faded altar of an unknown god.
   124 | D:1      | Reached XP level 2. HP: 28/28 MP: 2/2
   128 | D:1      | Reached skill level 2 in Fighting
   288 | D:1      | Reached XP level 3. HP: 31/36 MP: 3/3
  1059 | D:2      | Reached skill level 3 in Fighting
  1502 | D:2      | Reached XP level 4. HP: 42/45 MP: 4/4
  1691 | D:3      | Noticed Jessica
  1704 | D:3      | Killed Jessica
  1821 | D:3      | Reached XP level 5. HP: 54/54 MP: 5/5
  1922 | D:3      | Noticed Natasha
  1931 | D:3      | Killed Natasha
  1932 | D:3      | Reached skill level 4 in Fighting
  2234 | D:3      | Noticed Natasha
  2241 | D:3      | Killed Natasha
  2526 | D:4      | Reached XP level 6. HP: 41/63 MP: 6/6
  3027 | D:4      | Found a hide-covered altar of Uskayaw.
  3027 | D:4      | Noticed Menkaure
  3283 | D:4      | Found Nuohoruge's Self-Published Books.
  3476 | D:5      | Entered Level 5 of the Dungeon
  3484 | D:5      | Reached skill level 5 in Fighting
  3517 | D:5      | Found a staircase to the Ecumenical Temple.
  3573 | D:5      | Noticed Grinder
  3574 | D:5      | Paralysed by Grinder for 4 turns
  3604 | D:5      | Killed Grinder
  3605 | D:5      | Reached skill level 1 in Shields
  3605 | D:5      | Reached XP level 7. HP: 34/74 MP: 7/7
  3791 | D:5      | Noticed Blork the orc
  3800 | D:5      | Killed Blork the orc
  3854 | D:5      | Reached skill level 6 in Fighting
  3854 | D:5      | Reached skill level 5 in Shapeshifting
  4055 | D:5      | You fall into a shaft and drop 3 floors!
  4060 | D:8      | Noticed a yak
  4074 | D:8      | Killed a yak
  4075 | D:8      | Reached skill level 5 in Unarmed Combat
  4075 | D:8      | Reached XP level 8. HP: 66/84 MP: 8/8
  4611 | D:8      | Reached skill level 7 in Fighting
  5082 | D:8      | Found a runed translucent gate.
  5085 | D:8      | Found a runed translucent gate.
  5085 | D:8      | Found an opulent altar of Gozag.
  5086 | D:8      | Found a runed translucent gate.
  5086 | D:8      | Noticed a cyclops
  5087 | D:8      | Noticed a manticore
  5087 | D:8      | Noticed Pokonic1's ghost (novice GrFi)
  5088 | D:8      | Noticed a five-headed hydra
  5522 | D:8      | Noticed a yak
  5523 | D:8      | Noticed a yak
  5525 | D:8      | Noticed a yak
  5553 | D:7      | Killed a yak
  5554 | D:7      | Reached skill level 8 in Fighting
  5554 | D:7      | Reached XP level 9. HP: 93/96 MP: 9/9
  6147 | Temple   | Entered the Ecumenical Temple
  6160 | Temple   | Became a worshipper of Qazlal Stormbringer
  6422 | D:5      | Noticed Sigmund
  6429 | D:5      | Killed Sigmund
  6430 | D:5      | Reached skill level 9 in Fighting
  6480 | D:5      | HP: 3/98 [poisoned by a gnoll sergeant]
  6480 | D:5      | Slain by a gnoll sergeant

Illustrated notes

Levels and vault maps discovered:
D:1:      hellmonk_arrival_library, layout_basic,
          hellmonk_ecumenical_altar_heavens_door
D:2:      layout_loops_cross, serial_bayou_pond_d
D:3:      layout_loops_ring, uniq_natasha, uniq_jessica
D:4:      nicolae_BIG_FREAKIN_CUBE, layout_loops_ring,
          mainiacjoe_overflow_concentric_impassable, nicolae_custom_books,
          uniq_menkaure
D:5:      layout_loops_ring, minmay_temple_entry_drinking_statues,
          uniq_blork_the_orc, uniq_sigmund, uniq_grinder
D:6:      layout_basic, riverfiend_overflow_shadow_ancestor
D:7:      layout_basic, uniq_crazy_yiuf_cottage
D:8:      layout_basic, fiery_altar_vehumet, serial_shops,
          nicolae_shop_back_alley_shop, ebering_ghost_gozag
Temple:   eino_temple_scatter_basement

Skill      XL: |  1  2  3  4  5  6  7  8  9 |
---------------+----------------------------+-----
Fighting       | 2 3 4 5 6 8 9 |  9.0
Unarmed Combat | 3 4 5 6 |  6.7
Shapeshifting  | 4 5 6 |  6.8
Shields        | 1 2 3 4 |  4.3
Dodging        | |  1.7

Action                     |  1- 3 |  4- 6 |  7- 9 || total
---------------------------+-------+-------+-------++-------
  Melee: Unarmed           |   117 |   137 |   207 ||   461
         Headbutt          |    15 |    19 |    32 ||    66
         Punch             |     2 |     6 |       ||     8
    Use: Potion            |       |     1 |     5 ||     6
   Stab: Sleeping          |       |     2 |       ||     2
 Armour: Animal skin       |    78 |    71 |   143 ||   292
         Skin              |       |     4 |     6 ||    10
  Dodge: Dodged            |    43 |    53 |    65 ||   161
  Block: Kite shield       |       |     4 |    56 ||    60

Table legend: (Time is in decaauts)
 A = Elapsed time spent in this place.
 B = Non-inter-level travel time spent in this place.
 C = Inter-level travel time spent in this place.
 D = Time resting spent in this place.
 E = Time spent auto-exploring this place.
 F = Levels seen in this place.
 G = Mean time per level.
                   A        B        C        D        E       F      G
               +--------+--------+--------+--------+--------+-----+--------+
         Total |   6466 |   6289 |    177 |    251 |   5025 |   9 |  718.4 |
       Dungeon |   6439 |   6288 |    151 |    251 |   5025 |   8 |  804.9 |
        Temple |     26 |      1 |     25 |      0 |      0 |   1 |   26.0 |
               +--------+--------+--------+--------+--------+-----+--------+

Top non-repeatable levels by time:
     D:8: 1500 daAuts
     D:1: 990 daAuts
     D:5: 983 daAuts
     D:4: 971 daAuts
     D:3: 843 daAuts
     D:2: 655 daAuts
     D:7: 287 daAuts
     D:6: 207 daAuts
  Temple: 26 daAuts
